Ray, lawful female human Valkyrie ..--- ........ ... .| ....... ... ... ...... . (.*.| ... .. ......| ..W_.... .%. ##) ##%# ##### ...... -M'...- .... ........@M...* ....... .........*.... .- ........ .............. ....... ........ .............- | ........ .... - Ray the Woman-at-arms Experience level: 10 Strength: 18/03 Dexterity: 12 Constitution: 18 Intelligence: 7 Wisdom: 8 Charisma: 7 Health: 0(90) Energy: 36(36) Def: 12 Gold: 2172 Moves: 16768 Dungeon seed: Eq1hZBlpMLc442kk Game ID: Ray_1479505665 Your Inventory: Coins $ - 2172 gold pieces Amulets u - an uncursed amulet of reflection (being worn) Weapons a - the blessed rustproof +1 Excalibur (weapon in hand) i - a +0 dwarvish mattock V - 4 +0 crossbow bolts Armor e - an uncursed +3 small shield (being worn) q - an uncursed +0 pair of high boots (being worn) r - an uncursed rusty +0 orcish helm (being worn) N - an uncursed +0 dwarvish mithril-coat (being worn) Comestibles I - 4 uncursed food rations X - an uncursed lizard corpse Scrolls c - an uncursed scroll of magic mapping l - an uncursed scroll of scare monster p - 2 uncursed scrolls of blank paper t - a cursed scroll of blank paper v - 4 uncursed scrolls of teleportation x - an uncursed scroll of destroy armor C - an uncursed scroll of amnesia E - an uncursed scroll of gold detection F - an uncursed scroll of fire L - an uncursed scroll of create monster P - a cursed scroll of enchant armor R - 2 uncursed scrolls of earth named earth Y - a blessed scroll of remove curse Spellbooks H - an uncursed spellbook of magic missile S - an uncursed spellbook of haste self W - an uncursed spellbook of protection Potions f - a cursed potion of extra healing j - a cursed potion of sickness m - an uncursed potion of invisibility w - an uncursed potion of speed z - a blessed potion of levitation A - a blessed potion of object detection G - a cursed potion of gain energy J - a blessed potion of speed O - an uncursed potion of enlightenment U - an uncursed potion of object detection Z - an uncursed potion of gain energy Rings b - an uncursed ring of free action (on left hand) Wands k - a wand of opening (0:6) o - a wand of create monster (0:15) s - a wand of light (0:10) y - a wand of create monster (0:12) B - a wand of polymorph (0:2) D - a wand of cold (0:6) K - a wand of cold (0:6) Q - a wand of striking (0:4) T - a wand of slow monster (0:3) Tools d - an uncursed blindfold g - an uncursed lock pick M - a blessed +0 unicorn horn Gems n - an uncursed luckstone Spells and supernatural/magical abilities: Name Level Category Fail Memory m - magic missile 2 attack 100% 89% G - detect treasure 4 divination 100% 51% H - haste self 3 escape 100% 99% W - pray for help -- divine ? -- Your skills at the end: Fighting Skills Weapon Skills dagger [Basic] long sword [Expert] Spellcasting Skills Final Attributes: You were piously aligned. You were cold resistant. You were sleep resistant. You were poison resistant. You were level-drain resistant. You were telepathic. You had automatic searching. You were stealthy. You were held by a rope golem. You were fast. You had reflection. You had free action. You were very unlucky. You had extra luck. Bad luck did not time out for you. Good luck did not time out for you. Tyr was angry with you. You are dead. Vanquished creatures: 2 giant mimics a doppelganger a large mimic a wumpus a long worm a hill giant an elf-lord a warg 3 small mimics a quantum mechanic 5 trolls a gelatinous cube a freezing sphere 2 shocking spheres a gargoyle a dwarf king a tengu a wraith a carnivorous ape 2 leather golems a chameleon 4 giant beetles 2 quivering blobs a wolf a panther a gremlin 5 leprechauns an orc-captain 2 giant spiders a horse 3 black lights 2 forest centaurs 6 gnome kings a dwarf mummy 2 owlbears a gold golem a werewolf 3 Green-elves 2 lizards 3 dingos a housecat 2 jaguars a dwarf lord 2 blue jellies a white unicorn 3 gray unicorns a dust vortex 2 ravens 2 gnome mummies 5 Woodland-elves 2 soldier ants 3 fire ants 10 bugbears a quasit 2 water nymphs 2 mountain nymphs 14 Mordor orcs an orc shaman a rock piercer 2 rock moles 6 fog clouds a yellow light 3 shriekers a violet fungus 20 gnome lords 8 gnomish wizards a kobold mummy 2 golden naga hatchlings 2 gray oozes 3 ghouls 3 paper golems a baby crocodile 6 giant ants 3 little dogs 7 floating eyes 4 kittens 13 dwarves 3 homunculi a kobold lord 6 rothes a rabid rat 2 centipedes 4 giant bats 2 monkeys 4 dwarf zombies 3 wererats 2 werejackals 7 iguanas 4 killer bees 4 acid blobs 3 coyotes 4 gas spores 4 hobbits 12 manes 4 large kobolds 15 hobgoblins 6 giant rats 6 cave spiders 3 brown molds 3 yellow molds 2 red molds 61 gnomes 2 garter snakes a gnome zombie 9 geckos 28 jackals 3 foxes 5 kobolds 9 goblins 10 sewer rats 7 grid bugs 7 bats 9 lichens 5 kobold zombies 15 newts 490 creatures vanquished. Voluntary challenges: You had been an atheist until turn 2916. You used a wielded weapon 600 times, starting on turn 31. You read items or engraved 42 times, starting on turn 568. You never genocided any monsters. You never polymorphed an object. You never changed form. You used no wishes. You never split a pudding. You never wrote Elbereth's name. You violated your moral code, losing 150 points of alignment, starting on turn 2916. Dungeon overview: The Dungeons of Doom: levels 1 to 12 Level 1 a sink a long staircase Level 2 a hardware shop stairs to The Gnomish Mines Level 3 a potion shop, a fountain Level 4 a fountain, a sink Level 5 Level 6 an altar to Loki Level 7 many fountains Level 8 a fountain stairs to Sokoban Level 9 a temple to Tyr Level 10 a general store Level 11 Level 12 <- You were here an altar to Tyr The Gnomish Mines: levels 3 to 10 Level 3 stairs to The Dungeons of Doom Level 4 Level 5 some shops, a temple to Odin, some fountains Level 6 Level 7 Level 8 Level 9 Level 10 a fountain Sokoban: levels 4 to 7 Level 4 Level 5 Level 6 Level 7 stairs to The Dungeons of Doom History has recorded: On T:1 you entered the Dungeons of Doom to retrieve the Amulet of Yendor! On T:391 you advanced to experience level 2. On T:478 you reached level 2 of The Dungeons of Doom. On T:637 you advanced to experience level 3. On T:883 you reached level 3 of The Dungeons of Doom. On T:1021 you advanced to experience level 4. On T:1449 you reached level 4 of The Dungeons of Doom. On T:2107 you reached level 5 of The Dungeons of Doom. On T:2283 you advanced to experience level 5. On T:2696 you reached level 6 of The Dungeons of Doom. On T:3561 you reached level 1 of The Gnomish Mines. On T:3980 you reached level 2 of The Gnomish Mines. On T:4015 you advanced to experience level 6. On T:4570 you reached level 3 of The Gnomish Mines. On T:4850 you advanced to experience level 7. On T:5003 you reached level 4 of The Gnomish Mines. On T:5695 you reached level 5 of The Gnomish Mines. On T:6016 you reached level 6 of The Gnomish Mines. On T:6058 you advanced to experience level 8. On T:6200 you reached level 7 of The Gnomish Mines. On T:6769 you reached level 8 of The Gnomish Mines. On T:9288 you advanced to experience level 9. On T:9623 you reached level 7 of The Dungeons of Doom. On T:10064 you reached level 8 of The Dungeons of Doom. On T:10114 you reached level 4 of Sokoban. On T:10476 you reached level 3 of Sokoban. On T:12062 you reached level 2 of Sokoban. On T:12562 you reached level 1 of Sokoban. On T:14344 you reached level 9 of The Dungeons of Doom. On T:15053 you reached level 10 of The Dungeons of Doom. On T:15643 you reached level 11 of The Dungeons of Doom. On T:15650 you advanced to experience level 10. On T:16745 you reached level 12 of The Dungeons of Doom. Score breakdown: Gold: 2172 (11351 points) Experience: 10 levels (16712 points) Exploration: 12 levels ( 26.09%) (14832 points) Discoveries: 37 items ( 15.04%) (11634 points) Valuables value: (no points given unless you survive) Artifact value: 4000 (12253 points) Variety of kills: 115 monsters ( 30.18%) (16481 points) Turncount: 16768 turns (-3142 points) Survival: died (score multiplied by 80%) Total score: 64096 Latest messages: The rope golem grabs you! The ettin mummy hits! The ettin mummy misses. You cannot escape from the rope golem! The ettin mummy misses. The ettin mummy hits! You cannot escape from the rope golem! The rope golem hits! (2x) You are being choked. The ettin mummy misses. The ettin mummy hits! As you read the scroll, it disappears. You shudder for a moment. The rope golem hits! The rope golem misses. You are being choked. The dwarf mummy hits! The ettin mummy misses. The ettin mummy hits! You die... Your body rises from the dead as a human mummy... Final status: Farvel Ray the Valkyrie, killed by an ettin mummy... You died in The Dungeons of Doom on dungeon level 12 with 64096 points, and 2172 pieces of gold, after 16768 moves. You were level 10 with a maximum of 90 hit points when you died.